 Dungeon Crawl Stone Soup version 0.19.5 (webtiles) character file.

171 JeffiDaFish the Firebug (level 5, -4/40 HPs)
             Began as a Draconian Fire Elementalist on Apr 26, 2017.
             Slain by a worker ant (5 damage)
             ... on level 4 of the Dungeon.
             The game lasted 00:10:57 (2960 turns).

JeffiDaFish the Firebug (DrFE)                      Turns: 2960, Time: 00:10:58

Health: -4/40      AC:  6    Str:  9 (10) XL:     5   Next: 26%
Magic:  7/8        EV: 12    Int: 14 (16) God:
Gold:   161        SH:  0    Dex: 11 (13) Spells: 3 memorised, 1 level left

rFire  + . .     SeeInvis .     e - +2 short sword
rCold  . . .     Gourm    .     (armour unavailable)
rNeg   . . .     Faith    .     (no shield)
rPois  .         Spirit   .     (helmet restricted)
rElec  .         Reflect  .     (no cloak)
rCorr  .         Harm     .     (no gloves)
MR     .....                    j - +0 pair of boots
Stlth  ++........               (no amulet)
                                (no ring)
                                k - +5 ring of intelligence

@: lethally poisoned (-4 -> -19)
A: unfitting armour, hooves 1, dopey 2, fire resistance 1, cold-blooded, AC +5
a: no special abilities


You were on level 4 of the Dungeon.
You were not hungry.

You visited 1 branch of the dungeon, and saw 4 of its levels.

You collected 161 gold pieces.

Inventory:

Hand Weapons
 e - a +2 short sword (weapon)
Armour
 j - a +0 pair of boots (worn)
Jewellery
 k - a +5 ring of intelligence (left hand)
Scrolls
 g - a scroll of remove curse
 n - 5 scrolls of identify
Potions
 c - a potion of haste
 d - 3 potions of curing
Books
 a - a book of Flames

   Spells                             Type                      Level
   a - Flame Tongue                   Conjuration/Fire             1
   b - Throw Flame                    Conjuration/Fire             2
   c - Conjure Flame                  Conjuration/Fire             3
   d - Inner Flame                    Hexes/Fire                   3
   e - Sticky Flame                   Conjuration/Fire             4
   f - Fireball                       Conjuration/Fire             5
Comestibles
 b - 2 bread rations
 f - 6 chunks of flesh
 h - 15 fruits
 i - a slice of pizza
 l - 2 meat rations
 m - a beef jerky


   Skills:
 + Level 1.5 Fighting
 + Level 1.3 Short Blades
 + Level 2.4 Dodging
 + Level 2.5 Stealth
 * Level 2.4 Spellcasting
 * Level 1.9 Conjurations
 * Level 4.0 Fire Magic


You had one spell level left.
You knew the following spells:

 Your Spells              Type           Power        Failure   Level  Hunger
a - Flame Tongue          Conj/Fire      ##...        10%         1    #......
b - Throw Flame           Conj/Fire      ##....       12%         2    ###....
c - Sticky Flame          Conj/Fire      ##......     71%         4    #####..


Dungeon Overview and Level Annotations

Branches:
Dungeon (4/15)
 Temple: D:4-7

Altars:
Fedhas
Hepliaklqana
Okawaru


Innate Abilities, Weirdness & Mutations

Your plain brown scales are hard. (AC +5)
You cannot fit into any form of body armour.
You are cold-blooded and may be slowed by cold attacks.
You have large cloven feet.
You are very dopey. (Int -4)
Your flesh is heat resistant. (rF+)


Message History

The worker ant bites you but does no damage.
You feel sick. The worker ant bites you.
You feel sick. The worker ant barely misses you.
You feel sick. The worker ant bites you. x2
* * * LOW HITPOINT WARNING * * *
You feel sick. The worker ant closely misses you. The worker ant bites you.
* * * LOW HITPOINT WARNING * * *
You are lethally poisoned!
The worker ant poisons you!
* * * LOW HITPOINT WARNING * * *
You feel sick. The worker ant bites you.
* * * LOW HITPOINT WARNING * * *
You are more poisoned.
The worker ant poisons you!
* * * LOW HITPOINT WARNING * * *
You feel sick. The worker ant closely misses you.
* * * LOW HITPOINT WARNING * * *
You feel sick. The worker ant bites you.
You die...

## #
############
...........####
##########.##.#
#.##.#
##'##.######+##
#[....#.......#
#.......@a....#
#....#........#
#....#........#
#....#..####+##
##+####.# #..
##.# ..


You could see a worker ant.

Vanquished Creatures
  A worker ant (D:4)
  5 adders (D:2)
  An ooze (D:1)
  3 worms (D:2)
  5 dart slugs
  4 leopard geckos
  6 orcs (D:3)
  9 bats
  6 giant cockroaches
  9 hobgoblins
  4 jackals
  3 kobolds (D:2)
  A ball python (D:2)
  2 frilled lizards
  7 goblins
  3 rats
69 creatures vanquished.

Notes
Turn   | Place    | Note
-------+----------+-------------------------------------------
     0 | D:1      | JeffiDaFish the Draconian Fire Elementalist began the quest for the Orb.
     0 | D:1      | Reached XP level 1. HP: 14/14 MP: 3/3
   116 | D:1      | Reached XP level 2. HP: 17/20 MP: 1/5
   346 | D:1      | Learned a level 2 spell: Throw Flame
   672 | D:1      | Reached XP level 3. HP: 26/26 MP: 3/6
  1423 | D:2      | Reached XP level 4. HP: 34/34 MP: 5/7
  1432 | D:2      | Learned a level 4 spell: Sticky Flame
  1580 | D:2      | Reached skill level 1 in Fighting
  1677 | D:2      | Reached skill level 4 in Fire Magic
  1880 | D:2      | Reached skill level 1 in Short Blades
  2171 | D:3      | Found a faded altar of an unknown god.
  2182 | D:3      | Found a blossoming altar of Fedhas.
  2184 | D:3      | Gained mutation: Your mind is acute. (Int +2) [potion of mutation]
  2184 | D:3      | Gained mutation: You have large cloven feet. [potion of mutation]
  2184 | D:3      | Lost mutation: Your mind is acute. (Int +2) [potion of mutation]
  2185 | D:3      | Gained mutation: You are dopey. (Int -2) [potion of mutation]
  2185 | D:3      | Gained mutation: You are very dopey. (Int -4) [potion of mutation]
  2185 | D:3      | Gained mutation: Your flesh is heat resistant. (rF+) [potion of mutation]
  2436 | D:3      | Found an iron altar of Okawaru.
  2436 | D:3      | Found a hazy altar of Hepliaklqana.
  2539 | D:3      | Reached XP level 5. HP: 37/40 MP: 1/8
  2960 | D:4      | HP: 1/40 [poisoned by a worker ant]
  2960 | D:4      | Slain by a worker ant

Skill      XL: |  1  2  3  4 |
---------------+-------------+-----
Dodging        | 2 |  2.4
Stealth        | 2 |  2.5
Fighting       | 1 |  1.5
Fire Magic     | 4 |  4.0
Short Blades   | 1 |  1.3
Spellcasting   | |  2.4
Conjurations   | |  1.9

Action                   |  1- 3 |  4- 6 || total
-------------------------+-------+-------++-------
Melee: Short sword       |    80 |    67 ||   147
       Tailslap          |     6 |     8 ||    14
       Unarmed           |     1 |       ||     1
 Cast: Flame Tongue      |    34 |    39 ||    73
       Throw Flame       |     3 |     4 ||     7
  Use: Scroll            |     7 |     3 ||    10
       Potion            |     2 |     5 ||     7
 Stab: Sleeping          |     3 |     3 ||     6
  Eat: Chunk             |     2 |     6 ||     8
Armor: Skin              |    22 |    28 ||    50
Dodge: Dodged            |    54 |    57 ||   111
